 Dungeon Crawl Stone Soup version 0.28.0-45-g0d030f2227 (webtiles) character file.

Game seed: 741558451725882770

1080 protoss039 the Magician (level 8, 0/46 HPs)
             Began as a Deep Elf Earth Elementalist on Apr 11, 2022.
             Was an Initiate of Vehumet.
             Slain by a gnoll
             ... wielding a +0 club
              (3 damage)
             ... on level 5 of the Dungeon.
             The game lasted 00:09:57 (6320 turns).

protoss039 the Magician (DEEE)                      Turns: 6320, Time: 00:09:57

Health: 0/46       AC:  3    Str:  5    XL:     8   Next: 8%
Magic:  1/19       EV: 13    Int: 23    God:    Vehumet [......]
Gold:   201        SH:  0    Dex: 15    Spells: 5/19 levels left

rFire   . . .      SeeInvis .   f - +3 quarterstaff
rCold   . . .      Faith    .   (shield currently unavailable)
rNeg    . . .      Spirit   .   b - +0 robe
rPois   +          Reflect  .   (no helmet)
rElec   .          Harm     .   k - +0 cloak
rCorr   .          Rampage  .   (no gloves)
Will    .....                   (no boots)
Stlth   ++........              (no amulet)
HPRegen 0.15/turn               q - ring of poison resistance
MPRegen 0.16/turn               (no ring)

@: no status effects
A: no striking features
a: Renounce Religion


You were on level 5 of the Dungeon.
You worshipped Vehumet.
Vehumet was noncommittal.
You visited 1 branch of the dungeon, and saw 6 of its levels.

You collected 201 gold pieces.

Inventory:

Hand Weapons
 f - a +3 quarterstaff (weapon)
Missiles
 c - 92 stones
Armour
 b - a +0 robe (worn)
 k - a +0 cloak (worn)
Jewellery
 m - a ring of ice
 n - an amulet of guardian spirit
 q - a ring of poison resistance (left hand)
Wands
 e - a wand of iceblast (9)
Scrolls
 i - a scroll of identify
 j - a scroll of immolation
 l - a scroll of amnesia {unknown}
 p - a scroll of teleportation
Potions
 a - a potion of ambrosia {unknown}
 d - 3 potions of heal wounds
 g - a potion of curing
 h - a potion of invisibility {unknown}
 o - a potion of haste {unknown}
 r - a potion of mutation {unknown}


   Skills:
 * Level 3.0 Fighting
 - Level 3.0 Dodging
 - Level 3.0 Stealth
 + Level 6.3 Spellcasting
 + Level 4.0 Conjurations
 + Level 4.6 Transmutations
 + Level 5.6 Earth Magic
 * Level 0.3 Poison Magic


You had 5 spell levels left.
You knew the following spells:

 Your Spells              Type           Power      Damage    Failure   Level
a - Sandblast             Erth           66%        2d15      1%          1
b - Passwall              Tmut/Erth      25%        N/A       1%          2
c - Stone Arrow           Conj/Erth      58%        3d10      3%          3
d - Petrify               Tmut/Erth      30%        N/A       10%         4
e - Olgreb's Toxic Radia  Pois           9%         N/A       56%         4

Your spell library contained the following spells:

 Spells                   Type           Power      Damage    Failure   Level
 Sting                    Tmut/Pois      72%        1d6       3%          1
 Poisonous Vapours        Pois/Air       16%        N/A       12%         2
 Summon Guardian Golem    Hex/Summ       7%         N/A       26%         3
 Orb of Destruction       Conj           12%        9d7       100%        7
 Spellforged Servitor     Conj/Summ      8%         N/A       100%        7


Dungeon Overview and Level Annotations

Branches:
Dungeon (6/15)
 Temple: D:4-7

Altars:
Vehumet
Yredelemnul

Shops:
D:3 *


Message History

Casting: Sandblast (safe; 1% risk of failure)
Confirm with . or Enter, or press ? or * to list all spells.
You don't have enough magic to cast this spell.
Unknown command.
Unknown command.
The adder barely misses you. The gnoll barely misses you.
Unknown command.
The adder bites you.
* * * LOW HITPOINT WARNING * * *
Unknown command.
You feel better. The adder bites you.
You are poisoned.
The adder poisons you!
Unknown command.
Unknown command.
Okay, then.
You feel sick.
Unknown command.
You feel sick. The adder misses you.
Unknown command.
Casting: Sandblast (safe; 1% risk of failure)
Confirm with . or Enter, or press ? or * to list all spells.
Aiming: Sandblast (safe; 1% risk of failure)
Press: ? - help, Shift-Dir - straight line, f - gnoll, p - adder
Aim: a gnoll, wielding a +0 club (severely wounded, fast, 84% to hit)
The blast of sand misses the adder.
The blast of sand misses the gnoll.
You feel sick. The adder bites you but does no damage.
Your magical contamination has completely faded away.
Unknown command.
Unknown command.
You feel sick. The gnoll closely misses you.
You feel sick. The adder closely misses you.
You feel sick.
You are no longer poisoned.
The gnoll barely misses you. The gnoll closely misses you.
The gnoll hits you with a +0 club.
* * * LOW HITPOINT WARNING * * *
The adder barely misses you. The gnoll hits you with a +0 club.
You die...

...##............#.....#...#.....
...##......#...##......##..###...
.......#..##..###......##..#.#...
..#...###..#.......###..#........
.##.#.# #...........##.###.......
......####..........#..##........
.......###.........#...#.........
..#.....##............###........
...#...........g@.....###.##.##..
....>........#S...##..#.#..#....#
............###.................#
..##........####..#.##.####..#.##
..............#..........##.####
.........................##..#
.#....#....#........#........#
.#######..##.................# ##
.#.# ##.#...........)....### #.


You could see a gnoll (fast) and an adder.

Vanquished Creatures
  A black bear (D:4)
  2 ice beasts
  3 ogres (D:5)
  A scorpion (D:4)
  A water moccasin zombie (D:5)
  An orc priest (D:4)
  2 jellies (D:5)
  Crazy Yiuf (D:2)
  A gnoll shaman (D:4)
  3 iguanas
  Terence (D:2)
  An orc wizard (D:4)
  8 gnolls
  2 adders
  A worm (D:2)
  3 dart slugs
  8 orcs
  2 endoplasms
  4 giant cockroaches
  4 goblins
  6 hobgoblins
  4 jackals (D:5)
  5 quokkas
  8 ball pythons
  4 frilled lizards
  10 kobolds
  4 rats
91 creatures vanquished.

Vanquished Creatures (others)
  A withered plant (D:4)
1 creature vanquished.

Grand Total: 92 creatures vanquished

Notes
Turn   | Place    | Note
-------+----------+-------------------------------------------
     0 | D:1      | protoss039 the Deep Elf Earth Elementalist began the quest
                  | for the Orb.
     0 | D:1      | Reached XP level 1. HP: 10/10 MP: 6/6
   357 | D:1      | Reached XP level 2. HP: 15/15 MP: 8/8
  1129 | D:2      | Found a faded altar of an unknown god.
  1684 | D:2      | Reached XP level 3. HP: 19/19 MP: 9/9
  1753 | D:2      | Noticed Terence
  1768 | D:2      | Killed Terence
  1809 | D:2      | Learned a level 2 spell: Passwall
  1813 | D:2      | Learned a level 3 spell: Stone Arrow
  2574 | D:2      | Found a runed translucent door.
  2575 | D:2      | Noticed Crazy Yiuf
  2586 | D:2      | Killed Crazy Yiuf
  2587 | D:2      | Reached skill level 4 in Spellcasting
  2587 | D:2      | Reached XP level 4. HP: 10/24 MP: 0/12
  2827 | D:2      | Learned a level 4 spell: Petrify
  2828 | D:3      | Found Heicet's General Store.
  3270 | D:3      | Reached skill level 1 in Conjurations
  3519 | D:4      | Noticed a scorpion
  3583 | D:4      | Reached XP level 5. HP: 16/28 MP: 5/13
  3591 | D:4      | Reached skill level 1 in Fighting
  3592 | D:4      | Noticed an ice beast
  3592 | D:4      | HP: 1/29 [something/puff of flame (7)]
  3811 | D:4      | Noticed a black bear
  3891 | D:4      | Found a basalt altar of Yredelemnul.
  3895 | D:4      | Noticed a two-headed ogre
  4305 | D:4      | Reached XP level 6. HP: 35/35 MP: 7/15
  4387 | D:4      | Killed an ice beast
  4522 | D:4      | Found a radiant altar of Vehumet.
  4648 | D:4      | Reached skill level 5 in Spellcasting
  4792 | D:4      | Reached XP level 7. HP: 40/40 MP: 0/16
  5004 | D:4      | Became a worshipper of Vehumet
  5030 | D:5      | Entered Level 5 of the Dungeon
  5465 | D:5      | Reached skill level 5 in Earth Magic
  5844 | D:5      | Reached skill level 6 in Spellcasting
  5850 | D:5      | Reached XP level 8. HP: 37/46 MP: 4/19
  6095 | D:5      | Identified the +2 chain mail "Puchach" {Slay+4}
  6266 | D:5      | Learned a level 4 spell: Olgreb's Toxic Radiance
  6320 | D:5      | Slain by a gnoll

Illustrated notes

Levels and vault maps discovered:
D:1:      minmay_arrival_glassed_features, layout_basic, serial_curves,
          eino_curves_02, eino_curves_03
D:2:      layout_loops_cross, hellmonk_ecumenical_altar_arch_garden,
          nrook_loot_triangle, uniq_crazy_yiuf_cottage, uniq_terence
D:3:      layout_rooms, serial_shops, shop, chequers_serial_rivers_small_3
D:4:      layout_loops_ring, mainiacjoe_overflow_concentric_impassable,
          yredelemnul_altar_generic, minmay_misc_feat_secret_circle,
          nrook_campfire
D:5:      layout_cave_pools
D:6:      layout_cave_pools, minmay_joined_circles

Skill      XL: |  1  2  3  4  5  6  7  8 |
---------------+-------------------------+-----
Dodging        | 3 |  3.0
Stealth        | 3 |  3.0
Transmutations | 2 3 4 |  4.6
Spellcasting   | 4 5 6 |  6.3
Earth Magic    | 4 5 |  5.6
Conjurations   | 1 2 3 4 |  4.0
Fighting       | 1 2 3 |  3.0
Poison Magic   | |  0.3

Action                   |  1- 3 |  4- 6 |  7- 9 || total
-------------------------+-------+-------+-------++-------
Melee: Dagger            |    10 |       |       ||    10
       Quarterstaff      |    59 |    28 |    10 ||    97
 Cast: Sandblast         |    24 |    26 |    11 ||    61
       Stone Arrow       |     2 |    27 |    35 ||    64
       Petrify           |       |     3 |       ||     3
  Use: Scroll            |       |     2 |     2 ||     4
       Potion            |       |     1 |     1 ||     2
 Stab: Sleeping          |     4 |     2 |     1 ||     7
Armor: Robe              |    14 |    13 |     8 ||    35
Dodge: Dodged            |    54 |    29 |    34 ||   117
